 Dungeon Crawl Stone Soup version 0.21-a0-270-g8204059 (webtiles) character file.

96874 GordonOverkill the Severer (level 16, 0/140 HPs)
             Began as a Gnoll Wanderer on Sept 14, 2017.
             Was a High Priest of Makhleb.
             Killed from afar by a shock serpent (19 damage)
             ... with a bolt of electricity
             ... on level 1 of the Snake Pit.
             The game lasted 01:21:41 (33548 turns).

GordonOverkill the Severer (Gnoll Wanderer)        Turns: 33548, Time: 01:21:42

Health: 0/140      AC: 21    Str:  7    XL:     16   Next: 18%
Magic:  28/28      EV: 16    Int:  7    God:    Makhleb [*****.]
Gold:   931        SH: 12    Dex:  7    Spells: 14/18 levels left

rFire    + . .     SeeInvis +   a - +9 broad axe
rCold    . . .     Gourm    .   S - +0 shield
rNeg     . . .     Faith    .   V - +6 ring mail of Resourcefulness {Dex+4}
rPois    +         Spirit   .   Y - +2 helmet {SInv}
rElec    .         Reflect  .   j - scarf {repulsion}
rCorr    .         Harm     .   z - +2 pair of gloves {Str+3}
MR       ++...                  (no boots)
Stlth    +.........             v - amulet "Neym" {+Rage rPois}
HPRegen  0.33/turn              G - +4 ring of evasion
MPRegen  0.21/turn              n - ring "Zaunior" {+Fly rF+ Str-3} (curse)

@: repel missiles
A: unchanging attributes, fangs 1, icy blue scales 1, magic resistance 1, strong
nose
a: Minor Destruction, Lesser Servant of Makhleb, Major Destruction, Greater
Servant of Makhleb, Renounce Religion, Evoke Berserk Rage, Evoke Flight


You were on level 1 of the Snake Pit.
You worshipped Makhleb.
Makhleb was extremely pleased with you.
You were hungry.

You visited 5 branches of the dungeon, and saw 25 of its levels.
You also visited: Labyrinth.

You collected 2481 gold pieces.
You spent 1550 gold pieces at shops.

Inventory:

Hand Weapons
 a - a +9 broad axe (weapon)
 b - a +3 whip of electrocution
 X - a +3 broad axe
Missiles
 M - 3 throwing nets (quivered)
Armour
 j - a scarf of repulsion (worn)
 z - a +2 pair of gloves of strength (worn)
 C - a +0 large shield
 S - a +0 shield (worn)
 V - the +6 ring mail of Resourcefulness (worn) {Dex+4}
   (You found it on level 15 of the Dungeon)

   It affects your dexterity (+4).
 Y - a +2 helmet of see invisible (worn)
Jewellery
 d - an uncursed ring of resist corrosion
 n - the cursed ring "Zaunior" (right hand) {+Fly rF+ Str-3}
   (You found it in a labyrinth)

   [ring of strength]

   It affects your strength (-3).
   It protects you from fire.
   It lets you fly.
   It has a curse placed upon it.
 v - the amulet "Neym" (around neck) {+Rage rPois}
   (You bought it in a shop on level 8 of the Dungeon)

   [amulet of rage]

   It protects you from poison.
   It lets you go berserk.
 G - a +4 ring of evasion (left hand)
Wands
 p - a wand of paralysis (2/24)
 s - a wand of digging (7/24)
 u - a wand of paralysis (6/24)
 y - a wand of acid (5/15)
 A - a wand of acid (0/15)
 F - a wand of digging (12/24)
 H - a wand of paralysis (11/24)
 K - a wand of disintegration (8/24)
 L - a wand of random effects (26/48)
 Q - a wand of flame (11/48)
 R - a wand of iceblast (10/15)
Scrolls
 g - 5 scrolls of enchant armour
 h - 3 scrolls of magic mapping
 i - a scroll of holy word {unknown}
 o - a scroll of fear
 r - 5 scrolls of recharging
 t - 7 scrolls of blinking
 B - 14 scrolls of teleportation
 E - 3 scrolls of identify
 I - 6 scrolls of remove curse
 N - 3 scrolls of fog
Potions
 c - a potion of resistance
 e - 3 potions of might
 l - 5 potions of magic
 m - 3 potions of mutation
 q - 7 potions of curing
 w - a potion of cancellation
 x - 4 potions of haste
 D - a potion of invisibility
 J - 5 potions of heal wounds
 O - a potion of agility
 P - a potion of flight
 T - a potion of ambrosia
Comestibles
 f - 15 bread rations
 k - 15 meat rations
 U - a royal jelly


   Skills:
 + Level 16.9 Fighting
 - Level 18.0 Axes
 - Level 1.0(12.2) Maces & Flails
 - Level 2.6 Throwing
 - Level 8.0 Armour
 - Level 10.0 Dodging
 - Level 1.2 Stealth
 * Level 15.3 Shields
 - Level 1.3 Unarmed Combat
 - Level 1.5 Spellcasting
 - Level 1.3 Charms
 - Level 1.3 Translocations
 + Level 16.0 Invocations
 - Level 5.0 Evocations


You had 14 spell levels left.
You knew the following spells:

 Your Spells              Type           Power        Failure   Level  Hunger
a - Apportation           Tloc           #.....       54%         1    ##.....
b - Corona                Hex            #......      75%         1    ##.....
c - Swiftness             Chrm/Air       #.......     78%         2    ###....


Dungeon Overview and Level Annotations

Branches:
Dungeon (15/15)            Temple (1/1) D:4            Lair (6/6) D:10
 Shoals (0/4) Lair:2        Snake (1/4) Lair:3        Slime (0/5) Lair:6
    Orc (2/2) D:12            Elf (0/3) Orc:2        Vaults (0/5) D:13
 Depths (0/5) D:15

Altars:
Ashenzari
Cheibriados
Dithmenos
Elyvilon
Fedhas
Gozag
Hepliaklqana
Kikubaaqudgha
Makhleb
Nemelex Xobeh
Okawaru
Qazlal
Ru
Sif Muna
Trog
Uskayaw
Vehumet
Wu Jian
Xom
Yredelemnul
Zin
The Shining One
Jiyva

Shops:
D:6 ?   D:8 (*   D:11 :   D:13 *   D:15 *   Orc:2 *%}}

Portals:
Trove: D:10 (show slimy rune of Zot)

Annotations:
Lair:6 exclusion: 4 oklob plants


Innate Abilities, Weirdness & Mutations

Your physical attributes are unchanging.
You have very sharp teeth.
Your uncanny sense of smell can sniff out nearby items.
You are partially covered in icy blue scales. (AC +2)
You are resistant to hostile enchantments. (MR+)


Message History

* * * LOW HITPOINT WARNING * * *
Unknown command.
As you read the scroll of fear, it crumbles to dust.
You assume a fearsome visage.
The naga sharpshooter looks frightened!
The naga looks frightened!
The naga sharpshooter looks frightened!
The naga sharpshooter resists with almost no effort.
The shock serpent looks frightened!
The naga sharpshooter casts a spell.
The naga sharpshooter magically shoots an arrow.
The arrow is repelled.
The shock serpent shoots out a bolt of lightning at you!
The bolt of electricity hits you!
* * * LOW HITPOINT WARNING * * *
You see here 6 arrows.
Cornered, the shock serpent turns to fight!
The shock serpent shoots out a bolt of lightning at you!
The bolt of electricity hits you!
* * * LOW HITPOINT WARNING * * *
The bolt of electricity hits you!
You die...

.....#<.##......... ###
###..######### #..#
###..############# ∆
#.....#..........##
#...............#.##
#.#.................##
##########..#####....##
##@# ##....##
########(.## ##....##
.......(...# ##....##
..............# ##....#
....S........#.#
###..###
####NN######... #....#
#.N ##.. ##.... #N# ..
##... .( ##..


You could see 3 naga sharpshooters, a shock serpent and a naga (fleeing).

Vanquished Creatures
  Snorg (D:14)
  A minotaur (Lab)
  A fire dragon (D:11)
  A vault guard (D:13)
  A yaktaur captain (D:15)
  Harold (D:10)
  5 hydras
  12 two-headed ogres
  A catoblepas (Lair:6)
  An anaconda (Snake:1)
  4 ogre magi (Orc:2)
  11 death yaks
  2 centaur warriors
  A deep troll shaman (Lair:6)
  The ghost of Tabu the Blocker, a novice MiFi of Okawaru (D:9)
  An orc high priest (D:12)
  Urug (Lair:3)
  4 tengu warriors
  2 unseen horrors
  2 wizards (D:13)
  Pikel (D:8)
  3 orc knights
  A deep elf mage (D:15)
  A necromancer (D:13)
  5 ugly things
  2 orc sorcerers
  3 cyclopes
  3 manticores
  6 black mambas
  4 elephants
  Joseph (D:8)
  6 gargoyles
  6 spiny frogs
  A kobold demonologist (D:15)
  A rime drake (Lair:3)
  A redback zombie (D:13)
  4 komodo dragons
  2 tengu conjurers
  A hornet (shapeshifter) (D:15)
  4 polar bears
  3 trolls
  12 slime creatures
  2 dream sheep (Lair:5)
  6 blink frogs
  7 hippogriffs
  A spriggan (D:7)
  2 wraiths
  2 vampires (D:15)
  22 humans
  8 basilisks
  10 wyverns
  36 yaks
  2 hungry ghosts
  6 vampire mosquitoes
  4 wargs
  2 acid dragons
  2 insubstantial wisps (Lair:3)
  A naga (Snake:1)
  11 water moccasins
  A swamp drake (Lair:3)
  5 porcupines
  2 black bears
  14 orc warriors
  2 sky beasts
  An ice beast (D:14)
  A necrophage (D:7)
  3 phantoms
  36 ogres
  15 wolves
  8 centaurs
  12 crocodiles
  3 big kobolds
  11 bullfrogs
  3 scorpions
  10 killer bees
  14 wights
  2 vampire bats (Lair:1)
  An electric eel (D:11)
  4 howler monkeys
  6 crimson imps
  4 centaur zombies
  2 bullfrog zombies
  15 orc priests
  6 hounds
  5 jellies
  14 orc wizards
  A gnoll shaman (D:6)
  6 centaur skeletons
  5 bullfrog skeletons
  2 iguanas
  17 worker ants
  A killer bee zombie (D:7)
  The ghost of glosham the Magician, a weakling GnWz (D:5)
  A howler monkey zombie (D:8)
  15 gnolls
  2 howler monkey skeletons
  19 adders
  3 shadow imps
  2 oozes
  3 adder zombies
  4 worms
  6 leopard geckos
  70 orcs
  6 ball pythons
  13 bats
  6 giant cockroaches
  6 goblins
  7 hobgoblins
  19 jackals
  3 quokkas
  2 frilled lizards (D:2)
  A jackal skeleton (D:4)
  19 kobolds
  2 quokka skeletons
  6 rats
  A fungus (Lair:5)
  2 plants (Lair:6)
700 creatures vanquished.

Vanquished Creatures (collateral kills)
  4 hydras
  2 two-headed ogres (D:15)
  8 death yaks
  3 ugly things
  A black mamba (Lair:6)
  A torpor snail (Lair:5)
  A centaur zombie (D:15)
  2 rime drakes
  4 komodo dragons
  2 tengu conjurers (D:15)
  A polar bear (Lair:6)
  4 dream sheep (Lair:5)
  A human (D:7)
  A yak (Lair:5)
  A steam dragon (Lair:4)
  3 basilisks
  An acid dragon (Lair:4)
  2 water moccasins (Lair:6)
  2 porcupines (Lair:2)
  A black bear (Lair:6)
  An eye of draining (D:15)
  A wolf (Lair:6)
  A bullfrog (Lair:4)
  An electric eel (Lair:4)
  A hound (D:14)
  A worker ant (D:14)
  A shadow imp (D:15)
  A bat (D:15)
53 creatures vanquished.

Vanquished Creatures (others)
  3 yaks (Lair:6)
  A warg (D:12)
  A bush (Lair:6)
  17 fungi
  17 plants
39 creatures vanquished.

Grand Total: 792 creatures vanquished

Notes
Turn   | Place    | Note
-------+----------+-------------------------------------------
     0 | D:1      | GordonOverkill the Gnoll Wanderer began the quest for the Orb.
     0 | D:1      | GordonOverkill set off with: a +2 leather armour, a scroll of teleportation, the Catalogue of Dislocation, a +0 club, a bread ration
     0 | D:1      | Reached XP level 1. HP: 15/15 MP: 3/3
     0 | D:1      | Identified the Catalogue of Dislocation
     2 | D:1      | Learned a level 1 spell: Apportation
   220 | D:1      | Reached skill level 1 in Maces & Flails
   604 | D:1      | Reached XP level 2. HP: 20/22 MP: 4/4
   607 | D:1      | Reached skill level 1 in Axes
   726 | D:1      | Reached skill level 2 in Axes
  1156 | D:1      | Reached XP level 3. HP: 20/27 MP: 5/5
  1348 | D:1      | Reached skill level 1 in Shields
  2186 | D:2      | Reached skill level 13 in Axes
  2186 | D:2      | Reached XP level 4. HP: 7/33 MP: 6/6
  2187 | D:2      | Gained mutation: You are robust. (+10% HP) [potion of mutation]
  2187 | D:2      | Gained mutation: You are partially covered in icy blue scales. (AC +2) [potion of mutation]
  2187 | D:2      | Lost mutation: You are robust. (+10% HP) [potion of mutation]
  2187 | D:2      | Gained mutation: You are resistant to hostile enchantments. (MR+) [potion of mutation]
  2188 | D:2      | Reached XP level 5. HP: 12/57 MP: 7/7
  2725 | D:3      | Reached XP level 6. HP: 64/64 MP: 8/8
  3423 | D:4      | Found a hazy altar of Hepliaklqana.
  3714 | D:4      | Found a staircase to the Ecumenical Temple.
  3807 | Temple   | Entered the Ecumenical Temple
  3932 | Temple   | Became a worshipper of Makhleb the Destroyer
  4305 | D:5      | Entered Level 5 of the Dungeon
  4305 | D:5      | Noticed a phantom
  4523 | D:5      | Killed a phantom
  4523 | D:5      | Reached skill level 1 in Invocations
  4523 | D:5      | Reached XP level 7. HP: 59/69 MP: 9/9
  4581 | D:5      | Got a pearl-encrusted plate armour
  4587 | D:5      | Identified the cursed +0 plate armour of Resonance {Regen+ rCorr} (You found it on level 5 of the Dungeon)
  4627 | D:5      | Reached skill level 1 in Evocations
  5200 | D:5      | Reached XP level 8. HP: 68/76 MP: 10/10
  5483 | D:5      | Got a transparent chain mail
  5544 | D:6      | Reached * piety under Makhleb
  5903 | D:6      | Found a basalt altar of Yredelemnul.
  6196 | D:5      | Reached skill level 5 in Shields
  6283 | D:5      | Reached ** piety under Makhleb
  6403 | D:5      | Noticed glosham's ghost (weakling GnWz)
  6418 | D:5      | Killed glosham's ghost
  6772 | D:6      | Found Rikeg's Magic Scroll Boutique.
  6795 | D:6      | Reached XP level 9. HP: 44/82 MP: 11/11
  6975 | D:6      | Bought a scroll of magic mapping for 42 gold pieces
  6975 | D:6      | Bought a scroll of blinking for 90 gold pieces
  6975 | D:6      | Bought a scroll of identify for 24 gold pieces
  6975 | D:6      | Bought a scroll of remove curse for 36 gold pieces
  6975 | D:6      | Identified the +4 chain mail of the Other World {-Cast rPois rN+ Dex+9} (You found it on level 5 of the Dungeon)
  7312 | D:7      | Noticed Pikel
  7312 | D:7      | Found a shadowy altar of Dithmenos.
  7434 | D:7      | Reached skill level 14 in Axes
  7666 | D:7      | Reached *** piety under Makhleb
  7775 | D:7      | Found an iron altar of Okawaru.
  8323 | D:8      | Reached skill level 5 in Evocations
  8649 | D:8      | Found Oruuc's General Store.
  8711 | D:8      | Found Ejo Sior's Weapon Shoppe.
  8810 | D:8      | Reached skill level 5 in Invocations
  8833 | D:8      | Noticed Joseph
  8849 | D:8      | Killed Joseph
  8849 | D:8      | Reached XP level 10. HP: 52/87 MP: 12/14
  9301 | D:8      | Found a burning altar of Makhleb.
  9738 | D:7      | Found a white marble altar of Elyvilon.
  9738 | D:7      | Found a sparkling altar of Nemelex Xobeh.
  9738 | D:7      | Found a hide-covered altar of Uskayaw.
  9758 | D:8      | Killed Pikel
  9943 | D:7      | Found a glowing silver altar of Zin.
 10268 | D:9      | Reached **** piety under Makhleb
 10296 | D:9      | Noticed Tabu's ghost (novice MiFi)
 10341 | D:9      | Killed Tabu's ghost
 10341 | D:9      | Reached skill level 15 in Axes
 10786 | D:9      | Noticed a two-headed ogre
 10791 | D:9      | Killed a two-headed ogre
 11051 | D:10     | Entered Level 10 of the Dungeon
 11264 | D:10     | Noticed an elephant
 11296 | D:10     | Killed an elephant
 11296 | D:10     | Reached XP level 11. HP: 75/93 MP: 16/16
 11319 | D:10     | Reached skill level 5 in Dodging
 11482 | D:10     | Found a staircase to the Lair.
 11573 | D:10     | Found a portal to a secret trove of treasure.
 11869 | D:10     | Noticed Harold
 11897 | D:10     | Killed Harold
 12458 | D:10     | Noticed an orc knight
 12467 | D:10     | Killed an orc knight
 12467 | D:10     | Reached skill level 16 in Axes
 12504 | D:10     | Got a scorched whip
 12505 | D:10     | Identified the cursed +1 whip of the Slime-mould {antimagic, Dex+2} (You found it on level 10 of the Dungeon)
 12791 | D:11     | Noticed a green ugly thing
 12824 | D:11     | Killed a green ugly thing
 13096 | D:11     | Reached ***** piety under Makhleb
 13517 | D:11     | Found Oklucroi's Book Boutique.
 13778 | D:11     | Noticed a fire dragon
 13812 | D:11     | Killed a fire dragon
 14278 | D:12     | Found a blossoming altar of Fedhas.
 14306 | D:12     | Noticed a cyan ugly thing
 14548 | Lair:1   | Entered Level 1 of the Lair of Beasts
 14677 | Lair:1   | Reached skill level 17 in Axes
 14706 | Lair:1   | Reached XP level 12. HP: 83/100 MP: 18/18
 15002 | Lair:1   | Noticed a four-headed hydra
 15013 | Lair:1   | Killed a four-headed hydra
 16116 | Lair:2   | Got a warped ring mail
 16117 | Lair:2   | Identified the +1 ring mail of Foolhardiness {rC- Int+7} (You found it on level 2 of the Lair of Beasts)
 16358 | Lair:2   | Reached skill level 10 in Invocations
 16478 | Lair:2   | Found a staircase to the Shoals.
 17193 | Lair:3   | Noticed Urug
 17211 | Lair:3   | Killed Urug
 17746 | Lair:3   | Noticed a six-headed hydra
 17762 | Lair:3   | Killed a seven-headed hydra
 17906 | Lair:3   | Noticed a seven-headed hydra
 17916 | Lair:3   | Killed a seven-headed hydra
 18203 | Lair:3   | Noticed an eight-headed hydra
 18241 | Lair:3   | Killed a nine-headed hydra
 18543 | Lair:3   | Got a shimmering scale mail
 18554 | Lair:3   | Identified the +1 scale mail of the Teacher {*Corrode MR+ Regen+ Int+4 Stlth+} (You found it on level 3 of the Lair of Beasts)
 18730 | Lair:3   | Reached skill level 18 in Axes
 18771 | Lair:3   | Found a staircase to the Snake Pit.
 18856 | Lair:3   | Noticed an eight-headed hydra
 18921 | Lair:3   | Killed an eight-headed hydra
 19701 | Lair:4   | Reached XP level 13. HP: 105/105 MP: 21/21
 19871 | Lair:4   | Reached skill level 10 in Shields
 20153 | Lair:4   | Learned a level 1 spell: Corona
 22108 | Lair:6   | Entered Level 6 of the Lair of Beasts
 22912 | Lair:6   | Reached XP level 14. HP: 31/116 MP: 23/23
 24657 | Lair:6   | Found a viscous altar of Jiyva.
 24657 | Lair:6   | Found a staircase to the Slime Pits.
 26410 | D:12     | Found a staircase to the Orcish Mines.
 26436 | D:12     | Reached skill level 15 in Shields
 26729 | D:12     | Reached skill level 1 in Armour
 27650 | D:13     | Reached XP level 15. HP: 87/125 MP: 25/25
 27815 | D:13     | Found Logeic's Assorted Antiques.
 27824 | D:13     | Bought a scroll of identify for 54 gold pieces
 27824 | D:13     | Bought a pair of embroidered gloves for 202 gold pieces
 27824 | D:13     | Bought a scroll of enchant armour for 202 gold pieces
 28035 | D:13     | Reached skill level 15 in Fighting
 28235 | D:13     | Reached skill level 5 in Armour
 28267 | D:13     | Found a gate to the Vaults.
 28279 | D:13     | Reached ****** piety under Makhleb
 28561 | D:14     | Noticed Snorg
 28570 | D:14     | Killed Snorg
 28813 | D:14     | Found a labyrinth entrance.
 28820 | Lab      | Entered a labyrinth
 29430 | Lab      | Identified the Catalogue of the Doomed Arsonist
 29430 | Lab      | Identified the Collected Works on Hexes and Unholy Rituals
 29431 | Lab      | Got a crude marble ring
 29432 | Lab      | Got a transparent leather armour
 29448 | D:14     | Identified the cursed +0 leather armour of the Morning Star {rN+ Regen+ Str-5 Int+7} (You found it in a labyrinth)
 29461 | D:14     | Identified the cursed ring "Zaunior" {+Fly rF+ Str-3} (You found it in a labyrinth)
 29472 | D:14     | Learned a level 2 spell: Swiftness
 29739 | D:15     | Entered Level 15 of the Dungeon
 29984 | D:15     | Got a smelly ring mail
 29995 | D:15     | Identified the +6 ring mail of Resourcefulness {Dex+4} (You found it on level 15 of the Dungeon)
 30035 | D:15     | Reached skill level 15 in Invocations
 30121 | D:15     | Found Riguf's Blood Bar.
 30779 | D:15     | Found a staircase to the Depths.
 31069 | Orc:1    | Entered Level 1 of the Orcish Mines
 31652 | Orc:2    | Entered Level 2 of the Orcish Mines
 31846 | Orc:2    | Found a staircase to the Elven Halls.
 32380 | Orc:2    | Reached XP level 16. HP: 107/139 MP: 27/27
 32816 | Orc:2    | Reached skill level 10 in Dodging
 32932 | Orc:2    | Found Zischoti's Assorted Antiques.
 32932 | Orc:2    | Found Barghy's Food Shop.
 32944 | Orc:2    | Found Dische Refao's Gadget Shop.
 32944 | Orc:2    | Found Ysats's Gadget Shoppe.
 32990 | Orc:2    | Bought a scroll labeled TEASSI XOJO for 29 gold pieces
 33009 | Orc:2    | Bought a scroll of blinking for 217 gold pieces
 33009 | Orc:2    | Bought a scroll of identify for 58 gold pieces
 33305 | D:8      | Bought the amulet "Neym" {+Rage rPois} for 563 gold pieces
 33305 | D:8      | Bought a scroll of teleportation for 33 gold pieces
 33421 | Snake:1  | Entered Level 1 of the Snake Pit
 33548 | Snake:1  | Killed from afar by a shock serpent

Vault maps used:
D:1:      saegor_arrival_simple_f, minivault_25
D:4:      old_standard_altar, minmay_temple_entry_poolview,
          grunt_decor_arrowhead
D:5:      kennysheep_six_static_rooms, first_bread
D:6:      serial_shops, shop, st_stairs_9, corexii_item_surrounded_by_moat,
          yredelemnul_altar_generic
D:7:      nicolae_overflow_hidden_temple, the_bakery, okawaru_humans, uniq_pikel
D:8:      serial_shops, shop, shop, basic_altar, uniq_joseph
D:10:     david_lair_generic, nicolae_trove_entry_crystal,
          kennysheep_just_a_vault, uniq_harold
D:11:     dragon1_lemuel, serial_shops, shop
D:12:     orc_0_dummy, fedhas_altar_1
D:13:     grunt_vaults_entry_tiered, serial_shops, shop_fountains
D:14:     minmay_misc_feat_diagonals, lab_entry_generic, uniq_snorg
D:15:     grunt_enter_depths_snipers, minmay_strange_pillars,
          guppyfry_shop_blood
Temple:   nicolae_temple_elliptical
Lair:1:   roderic_batcave
Lair:2:   shoals_dummy_entry, beast_lair_carwin_5
Lair:3:   dummy_snake_entry, pond, uniq_urug
Lair:4:   guppyfry_lair_drakes
Lair:5:   beast_lair_carwin_10, infiniplex_staircase_pool_2
Lair:6:   grunt_lair_end_beastmaster, dpeg_slime_entry_enclosed_altar,
          minmay_lair_oklob_chamber, grunt_megastairs_4, serial_bayou_shore_b
Snake:1:  spider_trap, serial_bayou_pond_a
Orc:2:    st_orc_ogre_mass
Lab:      lab_hedge

Skill      XL: |  1  2  3  4  5  6  7  8  9 10 11 12 13 14 15 16 |
---------------+-------------------------------------------------+-----
Maces & Flails | 1 |  1.0
Fighting       | 2 11 13 14 16 | 16.9
Axes           | 2 13 14 15 17 18 | 18.0
Shields        | 2 3 5 9 13 15 | 15.3
Invocations    | 1 2 3 5 6 9 11 12 14 15 16 | 16.0
Evocations     | 2 3 5 |  5.0
Dodging        | 4 7 8 9 10 | 10.0
Armour         | 4 8 |  8.0
Throwing       | |  2.6
Stealth        | |  1.2
Unarmed Combat | |  1.3
Spellcasting   | |  1.5
Charms         | |  1.3
Translocations | |  1.3

Action                   |  1- 3 |  4- 6 |  7- 9 | 10-12 | 13-15 | 16-18 || total
-------------------------+-------+-------+-------+-------+-------+-------++-------
Melee: Club              |    60 |       |       |       |       |       ||    60
       Bite              |    11 |     6 |    23 |    42 |   102 |     4 ||   188
       Hand axe          |   181 |     5 |       |       |       |       ||   186
       War axe           |       |   112 |   595 |    64 |       |       ||   771
       Whip              |       |       |       |   868 |    20 |       ||   888
       Broad axe         |       |       |       |    65 |  1463 |   125 ||  1653
Invok: Minor Destruction |       |       |     3 |     6 |    13 |       ||    22
       Lesser Servant of |       |       |     1 |    24 |    33 |       ||    58
Evoke: Wand              |       |       |     4 |    11 |    10 |       ||    25
  Use: Potion            |     1 |     4 |       |       |     1 |       ||     6
       Scroll            |       |       |    19 |     5 |    19 |     2 ||    45
 Stab: Sleeping          |       |       |     1 |       |       |       ||     1
       Paralysed         |       |       |       |     7 |       |       ||     7
       Distracted        |       |       |       |       |    11 |       ||    11
       Petrified         |       |       |       |       |     5 |       ||     5
  Eat: Chunk             |     4 |     6 |    12 |    25 |    35 |     3 ||    85
       Fruit             |       |     2 |       |     6 |     4 |       ||    12
       Royal jelly       |       |     1 |       |     1 |     1 |       ||     3
       Meat ration       |       |       |       |     1 |       |       ||     1
Armor: Leather armour    |   120 |    33 |   194 |    11 |       |       ||   358
       Ring mail         |       |       |       |   131 |   119 |    10 ||   260
       Scale mail        |       |       |       |    65 |   313 |       ||   378
       Troll leather arm |       |       |       |       |    23 |       ||    23
Dodge: Dodged            |   186 |    70 |   246 |   359 |   563 |    39 ||  1463
       Deflected         |     3 |     2 |     3 |     7 |    27 |     3 ||    45
Block: Buckler           |       |       |    69 |   129 |     6 |       ||   204
       Shield            |       |       |       |       |   658 |    45 ||   703

Table legend:
 A = Spawn XP
 B = Non-spawn XP
 C = Spawn XP percentage of total XP
 D = Spawn monster count
 E = Non-spawn monster count
 F = Spawn count percentage of total count
 G = Total turns spent on level
                    A         B        C        D         E        F      G
               +---------+---------+-------+---------+---------+-------+---------
         Total |       0 |  138182 |   0.0 |       0 |     751 |   0.0 | 33548
               +---------+---------+-------+---------+---------+-------+---------
           D:1 |       0 |      52 |   0.0 |       0 |      26 |   0.0 |  1723
           D:2 |       0 |      36 |   0.0 |       0 |      19 |   0.0 |   897
           D:3 |       0 |     100 |   0.0 |       0 |      21 |   0.0 |   776
           D:4 |       0 |     195 |   0.0 |       0 |      10 |   0.0 |   949
           D:5 |       0 |    1160 |   0.0 |       0 |      38 |   0.0 |  1491
           D:6 |       0 |     843 |   0.0 |       0 |      37 |   0.0 |  1167
           D:7 |       0 |    1339 |   0.0 |       0 |      23 |   0.0 |  1204
           D:8 |       0 |    2163 |   0.0 |       0 |      31 |   0.0 |  1677
           D:9 |       0 |    2510 |   0.0 |       0 |      18 |   0.0 |  1099
          D:10 |       0 |    3210 |   0.0 |       0 |      27 |   0.0 |  1992
          D:11 |       0 |    5395 |   0.0 |       0 |      44 |   0.0 |  1560
          D:12 |       0 |   11193 |   0.0 |       0 |      67 |   0.0 |  1301
          D:13 |       0 |   15886 |   0.0 |       0 |      56 |   0.0 |  1524
          D:14 |       0 |    4178 |   0.0 |       0 |      15 |   0.0 |   629
          D:15 |       0 |   13112 |   0.0 |       0 |      34 |   0.0 |  1265
        Lair:1 |       0 |    3563 |   0.0 |       0 |      20 |   0.0 |  1143
        Lair:2 |       0 |    5040 |   0.0 |       0 |      27 |   0.0 |  1721
        Lair:3 |       0 |    6007 |   0.0 |       0 |      19 |   0.0 |  2286
        Lair:4 |       0 |    2192 |   0.0 |       0 |      12 |   0.0 |  1131
        Lair:5 |       0 |    8718 |   0.0 |       0 |      29 |   0.0 |  1485
        Lair:6 |       0 |   27432 |   0.0 |       0 |      74 |   0.0 |  3746
       Snake:1 |       0 |    1056 |   0.0 |       0 |       2 |   0.0 |   127
         Orc:1 |       0 |    4403 |   0.0 |       0 |      46 |   0.0 |   910
         Orc:2 |       0 |   16089 |   0.0 |       0 |      51 |   0.0 |   982
           Lab |       0 |    2310 |   0.0 |       0 |       5 |   0.0 |   616
               +---------+---------+-------+---------+---------+-------+---------
